 Dungeon Crawl Stone Soup version 0.25-a0-528-g6b7c99946c (webtiles) character file.

Game seed: 11817248645923276487, levelgen mode: deterministic

1591 ICC the Grappler (level 8, -5/58 HPs)
             Began as a Vampire Fighter on Feb 19, 2020.
             Was an Initiate of Gozag.
             Slain by Harold
             ... wielding a +0 dire flail
              (17 damage)
             ... on level 7 of the Dungeon.
             The game lasted 00:14:40 (4593 turns).

ICC the Grappler (Vampire Fighter)                  Turns: 4593, Time: 00:14:41

Health: -5/58      AC: 10    Str: 16 (17) XL:     8   Next: 61%
Magic:  8/8        EV:  8    Int: 10 (13) God:    Gozag
Gold:   122        SH:  4    Dex: 11 (13) Spells: 7/7 levels left

rFire    . . .     SeeInvis +     - Unarmed
rCold    . . .     Gourm    .   A - +0 buckler
rNeg     . . .     Faith    .   b - +0 chain mail of the Aged Deaths {Regen+ Int+2} (curse)
rPois    .         Spirit   .   v - +0 helmet (curse)
rElec    .         Reflect  .   (no cloak)
rCorr    .         Harm     .   (no gloves)
MR       .....                  (no boots)
Stlth    ..........             (no amulet)
HPRegen  0.79/turn              (no ring)
MPRegen  0.11/turn              (no ring)

@: regenerating quickly, hasted, very quick
A: no food, fangs 3, see invisible, unbreathing
a: Exsanguinate, Potion Petition, Call Merchant, Bribe Branch, Renounce Religion


You were on level 7 of the Dungeon.
You worshipped Gozag.
Gozag was aware of your devotion.
You were alive.

You visited 2 branches of the dungeon, and saw 8 of its levels.

You collected 449 gold pieces.
You spent 295 gold pieces at shops.
You paid 32 gold pieces to Gozag.

Inventory:

Hand Weapons
 w - a -2 quick blade
Missiles
 q - 2 boomerangs (quivered)
Armour
 b - the cursed +0 chain mail of the Aged Deaths (worn) {Regen+ Int+2}
   (You bought it in a shop on level 6 of the Dungeon)

   It affects your intelligence (+2).
   It increases your rate of regeneration.
   If you remove this armour, your AC will decrease by 9 (10 -> 1).
   It has a curse placed upon it.
 v - a cursed +0 helmet (worn)
 A - a +0 buckler (worn)
Wands
 h - a wand of random effects (10)
 o - a wand of polymorph (7)
 x - a wand of clouds (8)
 y - a wand of iceblast (13)
Scrolls
 d - 2 scrolls of blinking {unknown}
 e - 5 scrolls of teleportation {unknown}
 f - a scroll of noise {unknown}
 j - a scroll of random uselessness {unknown}
 k - a scroll of amnesia {unknown}
 m - 8 scrolls of identify {unknown}
 n - a scroll of enchant armour {unknown}
 p - 2 scrolls of remove curse {unknown}
 r - a scroll of enchant weapon {unknown}
 u - a scroll of fear {unknown}
Potions
 a - a potion of brilliance
 c - 2 potions of might
 g - 2 potions of curing
 i - a potion of flight
 t - a potion of cancellation


   Skills:
 - Level 3.0 Fighting
 + Level 2.5 Armour
 + Level 6.5 Dodging
 * Level 2.9 Shields
 * Level 9.8 Unarmed Combat


You had 7 spell levels left.
You didn't know any spells.
Your spell library was empty.

Dungeon Overview and Level Annotations

Branches:
Dungeon (7/15)             Temple (1/1) D:4

Altars:
Ashenzari
Cheibriados
Dithmenos
Elyvilon
Fedhas
Gozag
Hepliaklqana
Kikubaaqudgha
Makhleb
Nemelex Xobeh
Okawaru
Ru
Trog
Uskayaw
Vehumet
Wu Jian
Zin
The Shining One
Lugonu

Shops:
D:5 *   D:6 [

Annotations:
D:7 Harold


Innate Abilities, Weirdness & Mutations

You do not eat.
Your natural rate of healing is unusually fast.
You have razor-sharp teeth.
You have supernaturally acute eyesight. (SInv)
You can survive without breathing.


Message History

Harold points at you and mumbles some strange words.
The mark upon you grows brighter.
It was a potion of flight.
You feel very buoyant.
You fly up into the air.
Harold closely misses you.
It was a potion of degeneration.
There was something very wrong with that liquid.
You feel weakened.
You feel dopey.
You feel clumsy.
It was a potion of cancellation.
Your magical effects are unravelling.
You feel magically purged.
You float gracefully downwards.
You feel a little less clever now.
The sentinel's mark upon you fades away.
Harold closely misses you.
It was a potion of haste.
You feel yourself speed up. Harold hits you with a +0 dire flail!
* * * LOW HITPOINT WARNING * * *
You feel better. Harold hits you with a +0 dire flail!
You die...
Your body crumbles into a pile of gold.

....##
###
#####.##
##.##
#......#
.# $
#.###..#
#.#(...#
#.#.##.#
#.#.##.#
#.(....#
###.####
#@# #@#
..# .###
#. . ##


You could see Harold.

Vanquished Creatures
  Pikel (D:6)
  2 slaves (D:6)
  A phantom (D:6)
  An ogre (D:5)
  A centaur (D:6)
  Blork the orc (D:5)
  2 bullfrogs
  2 howler monkeys (D:4)
  A hound (D:6)
  2 orc priests (D:5)
  2 centaur skeletons
  A gnoll shaman (D:4)
  3 iguanas
  3 orc wizards
  A worker ant (D:3)
  6 gnolls
  10 adders
  A shadow imp (D:5)
  A worm (D:2)
  4 leopard geckos
  18 orcs
  2 ball pythons (D:2)
  4 giant cockroaches
  5 goblins
  9 hobgoblins
  2 jackals (D:1)
  6 quokkas
  11 bats
  6 frilled lizards
  6 kobolds
  A leopard gecko skeleton (D:6)
  8 rats
124 creatures vanquished.

Notes
Turn   | Place    | Note
-------+----------+-------------------------------------------
     0 | D:1      | ICC the Vampire Fighter began the quest for the Orb.
     0 | D:1      | Reached XP level 1. HP: 17/17 MP: 1/1
   113 | D:1      | Reached XP level 2. HP: 23/23 MP: 2/2
   410 | D:1      | Reached skill level 1 in Dodging
   446 | D:1      | Reached skill level 3 in Unarmed Combat
   817 | D:2      | Reached XP level 3. HP: 29/29 MP: 3/3
  1222 | D:2      | Found a blossoming altar of Fedhas.
  1334 | D:3      | Reached XP level 4. HP: 24/35 MP: 4/4
  1439 | D:3      | Found a blossoming altar of Fedhas.
  1455 | D:3      | Reached skill level 4 in Unarmed Combat
  1804 | D:4      | Found a bloodstained altar of Trog.
  1805 | D:4      | Found a hide-covered altar of Uskayaw.
  1821 | D:4      | Reached XP level 5. HP: 39/41 MP: 5/5
  1832 | D:4      | Found an iron altar of Okawaru.
  1834 | D:4      | Found a sparkling altar of Nemelex Xobeh.
  1834 | D:4      | Found an ornate altar of the Wu Jian Council.
  1870 | D:4      | Reached skill level 5 in Unarmed Combat
  1938 | D:4      | Found a radiant altar of Vehumet.
  2062 | D:4      | Reached XP level 6. HP: 47/47 MP: 6/6
  2150 | D:4      | Reached skill level 6 in Unarmed Combat
  2183 | D:4      | Found a snail-covered altar of Cheibriados.
  2433 | D:4      | Found a staircase to the Ecumenical Temple.
  2449 | Temple   | Entered the Ecumenical Temple
  2486 | Temple   | Became a worshipper of Gozag Ym Sagoz the Greedy
  2707 | D:5      | Entered Level 5 of the Dungeon
  2748 | D:5      | Reached XP level 7. HP: 39/52 MP: 7/7
  2814 | D:5      | Found a white marble altar of Elyvilon.
  2839 | D:5      | HP: 2/52 [orc wizard/puff of flame (9)]
  2840 | D:5      | Reached skill level 7 in Unarmed Combat
  2967 | D:5      | Found Ukugoef's Lightly-Used Armoury.
  2972 | D:5      | Bought a -2 quick blade for 55 gold pieces
  3068 | D:5      | Noticed Blork the orc
  3084 | D:5      | Killed Blork the orc
  3136 | D:5      | Found a sacrificial altar of Ru.
  3410 | D:5      | Reached skill level 5 in Dodging
  3655 | D:6      | Reached skill level 8 in Unarmed Combat
  3755 | D:6      | Noticed Pikel
  3786 | D:6      | HP: 3/78 [Pikel/+2 whip of electrocution (19)]
  3787 | D:6      | Killed Pikel
  3787 | D:6      | Reached skill level 9 in Unarmed Combat
  3787 | D:6      | Reached XP level 8. HP: 4/58 MP: 8/8
  4209 | D:6      | Found Zalekhush's Armour Boutique.
  4215 | D:6      | Bought a +0 buckler for 63 gold pieces
  4228 | D:6      | Bought the cursed +0 chain mail of the Aged Deaths {Regen+
                  | Int+2} for 177 gold pieces
  4259 | D:6      | Found a glowing silver altar of Zin.
  4572 | D:7      | Noticed Harold
  4592 | D:7      | HP: 2/58 [Harold/+0 dire flail (10)]
  4593 | D:7      | Slain by Harold

Levels and vault maps discovered:
D:1:      wander_arrival_peaceful_grave, layout_loops_corners
D:2:      layout_basic, fedhas_altar_fruit_tree
D:3:      layout_basic, old_standard_altar, serial_curves, eino_curves_02,
          eino_curves_03
D:4:      layout_loops_corners, nicolae_overflow_hidden_temple,
          nicolae_overflow_crystal_walls, grunt_temple_overflow_open,
          minmay_temple_entry_sparse_star, first_ration
D:5:      layout_gridville, nicolae_ru_the_path_less_chosen, elyvilon_altar_4,
          minmay_shop_damaged, uniq_blork_the_orc
D:6:      layout_loops_cross, kennysheep_mini, serial_shops, shop_fountains,
          chequers_serial_rivers_large_a, uniq_pikel
D:7:      layout_loops_cross, grunt_ogre_cave, uniq_harold,
          uniq_crazy_yiuf_cottage
Temple:   corrupted_temple

Skill      XL: |  1  2  3  4  5  6  7 |
---------------+----------------------+-----
Dodging        | 1 2 3 4 6 |  6.5
Unarmed Combat | 3 4 5 6 9 |  9.8
Fighting       | 3 |  3.0
Armour         | |  2.5
Shields        | |  2.9

Action                   |  1- 3 |  4- 6 |  7- 9 || total
-------------------------+-------+-------+-------++-------
Melee: Unarmed           |   213 |   181 |   196 ||   590
       Bite              |    20 |    17 |    19 ||    56
Throw: Boomerang         |       |       |     2 ||     2
  Use: Potion            |       |     1 |     8 ||     9
Armor: Scale mail        |    92 |       |    34 ||   126
       Ring mail         |       |    40 |     6 ||    46
       Skin              |       |       |     5 ||     5
       Chain mail        |       |       |     9 ||     9
Dodge: Dodged            |    62 |    56 |    65 ||   183
Block: Kite shield       |   111 |    69 |    48 ||   228
       Buckler           |       |       |     8 ||     8

Table legend:
 A = Non-vault XP
 B = Vault XP
 C = Vault XP percentage of total XP
 D = Non-vault monster count
 E = Vault monster count
 F = Vault count percentage of total count
                 A         B        C        D         E       F
            +---------+---------+-------+---------+---------+-------
      Total |    1537 |     737 |  32.4 |     119 |       3 |   2.5
            +---------+---------+-------+---------+---------+-------
        D:1 |      37 |       0 |   0.0 |      22 |       0 |   0.0
        D:2 |      53 |       0 |   0.0 |      24 |       0 |   0.0
        D:3 |      86 |       0 |   0.0 |      18 |       0 |   0.0
        D:4 |     378 |       0 |   0.0 |      19 |       0 |   0.0
        D:5 |     404 |      96 |  19.2 |      14 |       2 |  12.5
        D:6 |     501 |     641 |  56.1 |      16 |       1 |   5.9
        D:7 |      78 |       0 |   0.0 |       6 |       0 |   0.0
            +---------+---------+-------+---------+---------+-------
